 Dungeon Crawl Stone Soup version 0.28-a0-1356-g2ad6d04315 (webtiles) character file.

Game seed: 7065477746832035240

3507778 Kebab the Slayer (level 27, 317/319 HPs)
             Began as a Troll Berserker on Dec 31, 2021.
             Was a High Priest of Trog.
             Escaped with the Orb
             ... and 5 runes!
             The game lasted 03:57:48 (60464 turns).

Kebab the Slayer (Troll Berserker)                 Turns: 60464, Time: 03:57:49

Health: 317/319    AC: 30    Str: 33    XL:     27
Magic:  19/19      EV: 23    Int:  3    God:    Trog [*****.]
Gold:   5915       SH: 33    Dex: 23    Spells: 26/26 levels left

rFire   + + .      SeeInvis .     - Unarmed
rCold   + . .      Faith    .   I - +7 tower shield of Limitation {rElec}
rNeg    + . .      Spirit   .   h - +9 scales of the Dragon King {rPois rF+ rC+ Will+}
rPois   +          Reflect  +   W - +2 hat {Will+}
rElec   +          Harm     .   B - +1 cloak of Starlight {*Dazzle EV+4 Stlth--}
rCorr   .          Rampage  +   (gloves unavailable)
Will    ++++.                   (boots unavailable)
Stlth   ..........              Y - amulet of Equivalence {Reflect Rampage rF+ SH+5}
HPRegen 1.43/turn               C - ring of positive energy
MPRegen 0.16/turn               q - ring of the Hare {EV+8}

@: studying Maces & Flails
A: large, unfitting armour, claws 3, regeneration 1, shaggy fur 2, tough skin 1,
talons 1, thin skeletal structure 1, agile 1, deformed body, deterioration 1,
low mp 1, subdued magic 1
0: Orb of Zot
}: 5/15 runes: decaying, slimy, silver, abyssal, gossamer
a: Renounce Religion, Berserk, Trog's Hand, Brothers in Arms


You escaped.
You worshipped Trog.
Trog was extremely pleased with you.
You visited 10 branches of the dungeon, and saw 53 of its levels.
You visited the Abyss 2 times.
You visited 1 ziggurat, and saw 8 of its levels.
You also visited: Sewer, Ossuary, Bailey, Gauntlet, Ice Cave and Volcano.

You collected 11618 gold pieces.
You spent 5703 gold pieces at shops.

Inventory:

Hand Weapons
 F - a +2 broad axe of flaming
Missiles
 g - 1588 stones
 k - 77 poisoned darts
 l - 21 curare-tipped darts
 s - 6 boomerangs of dispersal
 u - 3 throwing nets
 H - 18 boomerangs
 J - 51 large rocks
 K - 19 silver javelins (quivered)
 L - 27 javelins
Armour
 h - the +9 scales of the Dragon King (worn) {rPois rF+ rC+ Will+}
   (You acquired it on level 3 of the Swamp)

   rF:        It protects you from fire.
   rC:        It protects you from cold.
   rPois:     It protects you from poison.
   Will:      It increases your willpower.
 B - the +1 cloak of Starlight (worn) {*Dazzle EV+4 Stlth--}
   (You found it on level 6 of the Dungeon)

   It may blind those who miss an attack against the wearer in melee combat.
   EV:        It affects your evasion (+4).
   Stlth:     It makes you much less stealthy.
 I - the +7 tower shield of Limitation (worn) {rElec}
   (You acquired it on level 5 of the Lair of Beasts)

   rElec:     It insulates you from electricity.
 U - the +10 tower shield of Ignorance {rN+ Int-4}
   (You found it on level 2 of a ziggurat)

   Int:       It affects your intelligence (-4).
   rN:        It protects you from negative energy.
 W - a +2 hat of willpower (worn)
Jewellery
 f - a ring of willpower
 m - a +4 ring of protection
 q - the ring of the Hare (right claw) {EV+8}
   (You found it on level 5 of the Pits of Slime)

   [ring of evasion]

   EV:        It affects your evasion (+8).
 C - a ring of positive energy (left claw)
 G - a ring of resist corrosion
 V - the ring of Gack {Fly rC+ Int+2}
   (You found it on level 4 of the Lair of Beasts)

   [ring of flight]

   Int:       It affects your intelligence (+2).
   rC:        It protects you from cold.
   Fly:       It grants you flight.
 Y - the amulet of Equivalence (around neck) {Reflect Rampage rF+ SH+5}
   (You acquired it on level 3 of the Swamp)

   [amulet of reflection]

   It reflects blocked missile attacks.
   rF:        It protects you from fire.
   SH:        It affects your SH (+5).
   Rampage:   It bestows one free step when moving towards enemies.
 Z - the ring of Dyduir {Str+3 Dex+6 SInv}
   (You bought it in a shop on level 2 of the Elven Halls)

   [ring of dexterity]

   Str:       It affects your strength (+3).
   Dex:       It affects your dexterity (+6).
   SInv:      It lets you see invisible.
Wands
 b - a wand of charming (19)
 y - a wand of acid (28)
 O - a wand of digging (17)
Scrolls
 i - 8 scrolls of fog
 o - 8 scrolls of blinking
 r - 3 scrolls of summoning
 t - 5 scrolls of immolation
 v - 19 scrolls of teleportation
 P - a scroll of torment
 Q - 8 scrolls of holy word
 R - 32 scrolls of identify
 X - 10 scrolls of fear
Potions
 a - 15 potions of ambrosia
 c - 6 potions of attraction
 d - 3 potions of resistance
 e - 12 potions of heal wounds
 j - a potion of mutation
 n - 6 potions of invisibility
 p - 7 potions of might
 x - 19 potions of curing
 z - 5 potions of cancellation
 A - 9 potions of lignification
 D - a potion of haste
Miscellaneous
 w - a condenser vane
 E - a phantom mirror
 N - a phial of floods
 S - a box of beasts
 T - a lightning rod (4/4)


   Skills:
 + Level 26.4 Fighting
 - Level 16.0 Throwing
 - Level 15.1 Armour
 - Level 11.1 Dodging
 - Level 15.7 Shields
 - Level 24.0 Unarmed Combat
 - Level 8.0 Evocations


You had 26 spell levels left.
You didn't know any spells.
Your spell library was empty.

Dungeon Overview and Level Annotations

Branches:
Dungeon (15/15)            Temple (0/1) D:4            Lair (6/6) D:11
  Swamp (4/4) Lair:2       Spider (4/4) Lair:2        Slime (5/5) Lair:6
    Orc (2/2) D:10            Elf (3/3) Orc:2        Vaults (5/5) D:14
  Crypt (0/3) Vaults:2     Depths (4/4) D:15            Zot (5/5) Depths:4
  Sewer (visited)         Ossuary (visited)          Bailey (visited)
  IceCv (visited)         Volcano (visited)         Gauntlet (visited)

Altars:
Cheibriados
Dithmenos
Elyvilon
Fedhas
Hepliaklqana
Kikubaaqudgha
Makhleb
Okawaru
Qazlal
Ru
Trog
Vehumet
Wu Jian
Xom
Yredelemnul
The Shining One
Beogh
Jiyva

Shops:
D:7 *   Orc:1 *   Orc:2 [(*=   Elf:1 *   Elf:2 =   Elf:3 [   Vaults:1 !
Vaults:3 [   Vaults:4 !   Depths:3 [([=   Depths:4 (=

Portals:
Hell: Depths:1 Depths:2 Depths:3 Depths:4
Abyss: Depths:3
Pandemonium: Depths:2 Depths:4

Annotations:
D:3 exclusion: oklob plant
D:9 3 runed translucent doors, t4s4d4r's ghost, novice DgFE
Elf:2 3 runed translucent doors
Zot:2 exclusion: 3 lightning spires
Zot:5 6 transporters


Innate Abilities, Weirdness & Mutations

You are too large for most types of armour.
You have claws for hands.
Your natural rate of healing is unusually fast.
You are covered in thick fur. (AC +2)
You have tough skin. (AC +1)
You have sharp toenails.
You have a somewhat thin skeletal structure. (Dex +2, Stealth+)
You are agile. (Dex +2)
Armour fits poorly on your strangely shaped body.
Your body sometimes deteriorates upon taking damage.
Your magical capacity is low. (-10% MP)
Your spells are a little easier to cast, but a little less powerful.


Message History

The Orb Guardian is moderately wounded.
You block the Orb Guardian's attack.
You barely miss the Orb Guardian. Your kick misses the Orb Guardian.
The Orb Guardian is moderately wounded.
You block the Orb Guardian's attack.
You eviscerate the Orb Guardian!!!
You kill the Orb Guardian!
Trog accepts your kill.
No target in view!
(D) Dungeon (T) Temple (L) Lair (S) Swamp (N) Spider Nest (M) Slime Pits (O) Orcish Mines (E) Elven Halls (V) Vaults (C) Crypt (U) Depths (H) Hell (Z) Zot
Where to? (Enter - D:1, ? - help)
There is an open door here.
There is an open door here.
There is a stone staircase leading up here.
You climb upwards.
There is a stone staircase leading down here.
There is a stone staircase leading up here.
You climb upwards.
There is a stone staircase leading down here.
You open the door.
There is an open door here.
An Orb Guardian comes into view.
There is an open door here.
You rampage towards the Orb Guardian!
You block the Orb Guardian's attack.
There is a staircase leading out of the dungeon here.
You eviscerate the Orb Guardian!!! Your kick misses the Orb Guardian.
The Orb Guardian is severely wounded.
The Orb Guardian hits you.
You eviscerate the Orb Guardian!!!
You kill the Orb Guardian!
Trog accepts your kill.
You have reached level 27, the final one!
Your experience leads to an increase in your attributes!
Your base attributes are Str 32, Int 3, Dex 17.
Increase (S)trength, (I)ntelligence, or (D)exterity?
You feel agile. x2; You feel stronger.
You have escaped!

#.##....#.#....###..##...##..)†##
..###...#.#....###..##)#.###.#)##
..# #...#.####.#....##.#..##.#...
..# #..........#.#.....#..##.#...
..# #...####'###'##.####..[#.#...
).# #...# #...#...#...##.#.#.#...
..# #...# #.>.#...###.##.#.#.#...
#####...# #...#...# #.##.#...#.##
###.....# #.>[#.@.# #.##.....#.#
..+.....# #...#...# #.##.....#.#
###.....###.>.#...# #..........#
..........#...#...# ####.....###
###....#####'###'## #######
###....#####.##..#
................##
###.......####### #.......#


There were no monsters in sight!

Vanquished Creatures
  the Royal Jelly (Slime:5)
  The ghost of Awamet the Iron Dragon, a legendary DrCj of Vehumet (Zot:3)
  3 dread liches
  4 orbs of fire
  2 ancient liches (Zot:5)
  Mara (Spider:3)
  A juggernaut (Depths:2)
  3 Killer Klowns (Zot:5)
  Margery (Vaults:2)
  4 caustic shrikes
  Saint Roka (Vaults:2)
  A curse toe (Zot:1)
  14 golden dragons
  4 bone dragons
  Arachne (Spider:3)
  A Tzitzimitl (D:11)
  A pandemonium lord (D:5)
  3 electric golems
  A hellephant (Abyss:3)
  2 Hell Sentinels (Zig:8)
  13 tentacled monstrosities
  A shard shrike skeleton (Abyss:3)
  The ghost of Torious the Ruinous, an adept DECj of Sif Muna (Vaults:4)
  2 Ice Fiends
  A lich (Depths:4)
  The ghost of Yorgos the Severer, an adept GrBe of Trog (Elf:2)
  21 Orb Guardians
  A walking frostbound tome (Depths:3)
  8 quicksilver dragons
  2 deep elf master archers (Elf:3)
  5 titans (Vaults:5)
  14 acid blobs
  2 Executioners
  2 deep elf blademasters (Elf:3)
  10 tentacled starspawn
  3 death cobs
  6 sphinxes
  Agnes (D:15)
  14 shadow dragons
  Kirke (D:15)
  4 thorn hunters
  9 storm dragons
  2 draconian monks (Zot:5)
  7 tengu reavers
  7 rockslimes
  12 azure jellies
  9 deep elf sorcerers
  3 draconian knights
  4 revenants
  14 frost giants
  3 ghost moths
  2 quicksilver elementals (Zig:8)
  16 vault wardens
  6 fire giants
  2 narguns (Zig:5)
  7 emperor scorpions
  3 iron dragons
  2 balrugs
  5 draconian shifters
  3 draconian scorchers
  9 deep elf elementalists
  3 orc warlords
  2 draconian annihilators
  11 quicksilver oozes
  3 spriggan defenders
  13 stone giants
  25 ironbound preservers
  3 reapers
  45 very ugly things
  A demonspawn blood saint (D:10)
  4 black draconians
  7 ironbound thunderhulks
  4 vampire knights
  6 war gargoyles
  An eleionoma (Swamp:4)
  6 deep elf demonologists (Elf:3)
  2 broodmothers (Spider:3)
  7 green draconians
  9 entropy weavers
  10 spark wasps
  3 minotaurs
  6 deep elf annihilators
  5 yellow draconians
  6 white draconians
  5 red draconians
  4 bunyips
  3 purple draconians
  An entropy weaver (shapeshifter) (Vaults:2)
  11 ettins
  A blizzard demon (Abyss:3)
  2 deep elf death magi (Elf:3)
  An eidolon (Vaults:4)
  A crystal guardian (Vaults:4)
  2 iron golems (Zig:8)
  2 merfolk javelineers (Depths:4)
  4 shambling mangroves
  Josephine (D:15)
  14 great orbs of eyes
  A merfolk impaler (Depths:4)
  11 fire dragons
  Fannar (Lair:3)
  A hell beast (D:15)
  3 ghost crabs
  9 spriggan air magi
  8 rakshasas
  3 deep elf high priests
  A naga warrior (Zig:3)
  13 hydras
  14 ice dragons
  16 yaktaur captains
  8 centaur warriors
  A peacekeeper (Vaults:4)
  31 vault guards
  11 boulder beetles
  A jorogumo (Spider:3)
  4 ogre magi
  6 deep troll shamans
  A radroach (Spider:2)
  12 ironbound frosthearts
  11 deep troll earth magi
  13 two-headed ogres
  10 alligators
  2 vampire magi (Zig:1)
  10 dancing weapons
  9 death scarabs
  8 tengu warriors
  Urug (D:11)
  4 orc high priests
  5 shock serpents
  2 naga sharpshooters (Zig:7)
  A shock serpent (shapeshifter) (Vaults:4)
  9 spriggan berserkers
  4 thrashing horrors
  A titan zombie (Vaults:5)
  A spectral emperor scorpion (Spider:4)
  2 soul eaters
  2 crystal echidnas (Zig:8)
  5 wretched stars
  9 deep elf knights
  15 hell knights
  Sonja (D:12)
  3 sun demons (Zot:3)
  2 skeletal warriors (D:14)
  12 pharaoh ants
  5 steelbarb worms
  8 iron trolls
  6 goliath frogs
  A sixfirhy (Abyss:3)
  A salamander mystic (D:15)
  5 sun moths
  7 swamp dragons
  11 orb spiders
  5 glowing orange brains
  5 spriggan druids
  8 deep elf archers
  19 orc knights
  3 spectral wolf spiders (Spider:4)
  A golden dragon skeleton (Vaults:5)
  4 flayed ghosts
  8 wizards
  3 spectral hydras (Swamp:4)
  An orange crystal statue (Zig:7)
  2 phantasmal warriors
  Pikel (D:5)
  50 deep trolls
  12 lindwurms
  4 bog bodies
  21 deep elf pyromancers
  16 deep elf zephyrmancers
  A wolf spider zombie (Spider:4)
  6 harpies
  23 ironbound convokers
  5 obsidian statues
  15 wolf spiders
  3 oklob plants (Swamp:4)
  11 necromancers
  42 ugly things
  A cyclops (shapeshifter) (Depths:3)
  A cyclops (D:11)
  3 orc sorcerers
  A shining eye (Slime:1)
  A tengu skeleton (Vaults:1)
  A stone giant zombie (Vaults:1)
  3 will-o-the-wisps
  5 manticores
  A faun (shapeshifter) (Depths:4)
  27 moths of wrath
  8 salamanders
  A fire giant skeleton (Vaults:4)
  6 elephants (Lair:6)
  A worldbinder (Abyss:1)
  2 guardian serpents
  5 ice statues
  11 vault sentinels
  2 eyes of devastation
  A human skeleton (Vaults:4)
  A molten gargoyle (Depths:1)
  A rust devil (Abyss:1)
  2 stone giant skeletons
  7 smoke demons
  A torpor snail (shapeshifter) (Vaults:5)
  7 black mambas
  2 naga magi
  A black mamba (shapeshifter) (D:15)
  6 torpor snails
  2 gargoyles
  11 cane toads
  2 unseen horrors
  4 spectral redbacks (Spider:4)
  A naga skeleton (Abyss:3)
  33 yaktaurs
  17 rime drakes
  9 demonic crawlers
  2 orange demons
  7 komodo dragons
  7 freezing wraiths
  A tormentor (Abyss:5)
  An efreet (Abyss:1)
  A komodo dragon (shapeshifter) (D:14)
  5 redback zombies (Spider:4)
  A kobold demonologist (D:8)
  4 tengu conjurers
  2 yaktaurs (shapeshifter)
  4 yaktaur skeletons
  30 starcursed masses (Abyss:5)
  3 hellwings
  2 entropy weaver simulacra (IceCv)
  18 meliai
  3 hydra zombies (Swamp:4)
  An ancient zyme (Abyss:3)
  3 bloated husks
  12 trolls
  3 spectral jumping spiders (Spider:4)
  12 raiju
  2 tengu simulacra
  29 hornets
  A queen bee (D:14)
  2 hydra skeletons (Swamp:4)
  5 polar bears
  27 blink frogs
  4 spectral tarantellas (Spider:4)
  10 tyrant leeches
  19 tarantellas
  The ghost of Flippered the Magician, an amateur DjCj (D:4)
  A jumping spider zombie (Spider:4)
  Prince Ribbit (Bailey)
  75 slime creatures
  2 tarantella zombies (Spider:4)
  8 dream sheep
  2 death drake skeletons (Swamp:4)
  An elf zombie (Vaults:4)
  36 jumping spiders
  18 flying skulls (D:14)
  23 spriggans
  8 ynoxinuls
  15 culicivoras
  9 wraiths
  5 shadows
  6 water elementals
  7 wyverns
  3 air elementals (Elf:2)
  10 fire bats
  A vampire (D:9)
  50 yaks
  11 vampire mosquitoes
  13 golden eyes
  2 basilisks
  3 hogs (D:15)
  7 humans (Bailey)
  2 fire elementals (Depths:2)
  Grum (D:8)
  A death yak simulacrum (IceCv)
  69 redbacks
  A spectral komodo dragon (Gauntlet)
  3 chaos spawn
  3 neqoxecs
  7 steam dragons
  12 wargs
  2 acid dragons
  2 harpy simulacra (Abyss:1)
  8 hydra simulacra
  10 water moccasins
  8 large abominations
  27 swamp worms
  3 floating eyes
  3 spectral hornets (Spider:4)
  5 swamp drakes
  4 black bears
  A hornet zombie (D:9)
  43 orc warriors
  2 ice beasts (Vaults:2)
  8 ogres
  24 wolves
  3 swamp dragon zombies (Swamp:4)
  3 boggarts (Lair:6)
  9 centaurs
  A phantom (D:4)
  3 lemures (D:5)
  20 bullfrogs
  7 kobold brigands
  An earth elemental (Elf:1)
  2 gnoll sergeants
  3 scorpions
  2 cane toad simulacra (IceCv)
  2 water moccasin zombies
  2 wyvern skeletons
  46 killer bees
  An elephant simulacrum (IceCv)
  4 howler monkeys
  15 wights
  An electric eel (Lair:2)
  5 lava snakes (Volcano)
  6 centaur zombies
  2 hounds
  2 jellies (D:8)
  15 orc priests
  2 gnoll shamans
  An iron imp (Abyss:1)
  Terence (D:3)
  An iguana (D:5)
  16 orc wizards
  A polar bear simulacrum (IceCv)
  3 hell rats (Lair:5)
  20 small abominations
  2 mummies (Ossuary)
  2 howler monkey zombies
  14 gnolls
  7 adders
  2 river rats (D:3)
  2 shadow imps
  15 white imps
  2 ufetubi
  4 adder zombies (Ossuary)
  A worm (D:4)
  65 orcs
  7 endoplasms
  3 giant cockroaches
  5 gnoll zombies (Ossuary)
  12 goblins
  8 hobgoblins
  6 jackals
  5 quokkas
  14 ball pythons
  10 bats
  4 frilled lizards
  4 hobgoblin zombies (Ossuary)
  24 kobolds
  2 kobold zombies (Ossuary)
  6 orc zombies (Ossuary)
  11 rats
  A briar patch (Swamp:4)
  A starspawn tentacle (Abyss:1)
2548 creatures vanquished.

Vanquished Creatures (collateral kills)
  An orb of fire (Zot:3)
  Mennas (Vaults:2)
  A titan (Vaults:5)
  A deep elf blademaster (Elf:3)
  A death cob (Zot:3)
  A nagaraja (Zig:7)
  A vault warden (Vaults:4)
  An orc warlord (Orc:1)
  2 deep elf sorcerers (Elf:3)
  A draconian annihilator (Zot:5)
  3 deep elf demonologists (Elf:3)
  2 deep elf annihilators (Elf:3)
  2 green draconians
  An eleionoma (Swamp:4)
  A deep elf death mage (Vaults:5)
  5 hydras
  A salamander tyrant (Zig:7)
  2 alligators (Swamp:1)
  A deep elf knight (Elf:3)
  A goliath frog (Swamp:2)
  A wolf spider (Spider:3)
  A black mamba (Zig:7)
  A troll (D:13)
  5 polar bears (Lair:6)
  6 hornets
  2 jumping spiders (Spider:3)
  A culicivora (Spider:3)
  5 spriggans
  4 yaks
  2 fire bats (Volcano)
  A black bear (Lair:6)
  A boggart (Lair:6)
  9 wolves (Lair:6)
  2 lava snakes (Volcano)
  A hell rat (Lair:5)
72 creatures vanquished.

Vanquished Creatures (others)
  A tengu reaver (Vaults:5)
  A hydra (Swamp:3)
  A deep elf knight (Elf:3)
  A wizard (Depths:2)
  A torpor snail (Spider:3)
  2 bloated husks
  A human (D:15)
  A redback (Spider:2)
  A quokka (Depths:2)
  4 briar patches
  A demonic plant (Gauntlet)
  21 foxfires
  34 fungi
  2 lurking horrors
  60 plants
  15 starspawn tentacles
  3 withered plants (D:3)
150 creatures vanquished.

Grand Total: 2770 creatures vanquished

Notes
Turn   | Place    | Note
-------+----------+-------------------------------------------
     0 | D:1      | Kebab the Troll Berserker began the quest for the Orb.
     0 | D:1      | Reached XP level 1. HP: 22/22 MP: 0/0
    51 | D:1      | Found a faded altar of an unknown god.
   354 | D:1      | Reached XP level 2. HP: 29/29 MP: 1/1
   737 | D:2      | Reached XP level 3. HP: 36/36 MP: 2/2
  1189 | D:2      | Found a bloodstained altar of Trog.
  1555 | D:3      | Reached ** piety under Trog
  1556 | D:3      | Reached skill level 5 in Unarmed Combat
  1556 | D:3      | Reached XP level 4. HP: 36/44 MP: 3/3
  1567 | D:3      | Found an ancient bone altar of Kikubaaqudgha.
  1600 | D:3      | Found a glowing drain.
  1615 | Sewer    | Entered a sewer
  1714 | Sewer    | Noticed a kobold brigand
  1714 | Sewer    | Noticed a kobold brigand
  1735 | Sewer    | Killed a kobold brigand
  1736 | Sewer    | Reached XP level 5. HP: 44/50 MP: 4/4
  1744 | Sewer    | Reached XP level 6. HP: 57/59 MP: 5/5
  1931 | D:3      | Reached *** piety under Trog
  2172 | D:3      | Identified the +1 ring mail of a bailey {Harm rF+}
  2753 | D:3      | Found a blossoming altar of Fedhas.
  2753 | D:3      | Noticed Terence
  2758 | D:3      | Killed Terence
  2759 | D:3      | Reached skill level 1 in Throwing
  2768 | D:3      | Noticed an oklob plant
  3273 | D:4      | Reached XP level 7. HP: 64/66 MP: 6/6
  3544 | D:4      | Found a runed translucent door.
  3544 | D:4      | Noticed Flippered's ghost (amateur DjCj)
  3555 | D:4      | Found a staircase to the Ecumenical Temple.
  3942 | D:4      | Killed Flippered's ghost
  3993 | D:5      | Entered Level 5 of the Dungeon
  4029 | D:5      | Reached XP level 8. HP: 72/74 MP: 7/7
  4046 | D:5      | Reached **** piety under Trog
  4082 | D:5      | Found a white marble altar of Elyvilon.
  4083 | D:5      | Found a bloodstained altar of Trog.
  4083 | D:5      | Found a shimmering altar of Xom.
  4478 | D:5      | Reached skill level 10 in Unarmed Combat
  4771 | D:5      | Noticed Pikel
  4781 | D:5      | Killed Pikel
  4996 | D:6      | Reached XP level 9. HP: 75/80 MP: 8/8
  5273 | D:6      | Found the +1 cloak of Starlight {*Dazzle EV+4 Stlth--}
  5444 | D:6      | Found an ornate altar of the Wu Jian Council.
  5640 | D:7      | Found a flagged portal.
  5657 | Bailey   | Entered a bailey
  5756 | Bailey   | Reached skill level 3 in Fighting
  5774 | Bailey   | Noticed Prince Ribbit
  5774 | Bailey   | Noticed a vault guard
  5786 | Bailey   | Killed Prince Ribbit
  5787 | Bailey   | Reached skill level 4 in Fighting
  5792 | Bailey   | Killed a vault guard
  5793 | Bailey   | Reached skill level 5 in Fighting
  5793 | Bailey   | Reached XP level 10. HP: 93/96 MP: 9/9
  5833 | Bailey   | Noticed a vault guard
  5841 | Bailey   | Killed a vault guard
  5973 | D:7      | Reached skill level 1 in Armour
  5995 | D:7      | Reached ***** piety under Trog
  6139 | D:7      | Found Pyewolec's Assorted Antiques.
  6145 | D:7      | Bought a scroll of magic mapping for 98 gold pieces
  6145 | D:7      | Bought a scroll of fog for 56 gold pieces
  6197 | D:7      | Found a burning altar of Makhleb.
  6502 | D:8      | Found a sand-covered staircase.
  6510 | Ossuary  | Entered an ossuary
  6672 | D:8      | Noticed a manticore
  6740 | D:8      | Noticed a deep elf pyromancer
  6824 | D:8      | Noticed Grum
  6839 | D:8      | Killed Grum
  6854 | D:8      | Reached XP level 11. HP: 86/102 MP: 10/10
  6932 | D:8      | Noticed a tengu warrior
  6943 | D:8      | Reached skill level 15 in Unarmed Combat
  7046 | D:8      | Received a gift from Trog
  7411 | D:8      | Killed a tengu warrior
  7446 | D:8      | Killed a deep elf pyromancer
  7455 | D:8      | Identified the +1 robe "Nivipopp" {rCorr}
  8114 | D:9      | Found a glowing golden altar of the Shining One.
  8114 | D:9      | Found a stormy altar of Qazlal.
  8115 | D:9      | Found a snail-covered altar of Cheibriados.
  8242 | D:9      | Found a runed translucent gate.
  8242 | D:9      | Found a runed translucent gate.
  8243 | D:9      | Found a runed translucent gate.
  8243 | D:9      | Noticed t4s4d4r's ghost (novice DgFE)
  8508 | D:10     | Entered Level 10 of the Dungeon
  8634 | D:10     | Found a staircase to the Orcish Mines.
  8743 | D:10     | Noticed a two-headed ogre
  8764 | D:10     | Killed a two-headed ogre
  9738 | D:11     | Noticed a two-headed ogre
  9746 | D:11     | Killed a two-headed ogre
  9747 | D:11     | Reached skill level 1 in Evocations
  9747 | D:11     | Reached XP level 12. HP: 111/111 MP: 11/11
 10252 | D:11     | Found a staircase to the Lair.
 10273 | D:11     | Received a gift from Trog
 10460 | D:11     | Noticed Urug
 10469 | D:11     | Killed Urug
 11146 | Lair:1   | Entered Level 1 of the Lair of Beasts
 11233 | D:11     | Reached skill level 5 in Throwing
 11550 | Lair:1   | You fall into a shaft and drop 1 floor!
 11746 | Lair:2   | Found a hole to the Spider Nest.
 11835 | Lair:2   | Identified the amulet of Gierel {Contam Fly Regen+ Int+4
                  | SInv}
 12288 | Lair:2   | Found a staircase to the Swamp.
 12517 | Lair:2   | Identified 2 scrolls of acquirement
 12517 | Lair:2   | Acquired 1167 gold pieces
 12519 | Lair:2   | Acquired a manual of Fighting
 12562 | Lair:3   | Found a dark tunnel.
 12567 | Volcano  | Entered a volcano
 12667 | Volcano  | Reached skill level 6 in Fighting
 12703 | Volcano  | Noticed a two-headed ogre
 12703 | Volcano  | Noticed a two-headed ogre
 12712 | Volcano  | Killed a two-headed ogre
 12716 | Volcano  | Killed a two-headed ogre
 12717 | Volcano  | Reached skill level 7 in Fighting
 12717 | Volcano  | Reached XP level 13. HP: 89/124 MP: 12/12
 12732 | Volcano  | Received a gift from Trog
 12880 | Volcano  | Reached skill level 8 in Fighting
 12890 | Volcano  | Found a bloodstained altar of Trog.
 13109 | Lair:3   | Noticed Fannar
 13120 | Lair:3   | Killed Fannar
 13121 | Lair:3   | Reached skill level 9 in Fighting
 13456 | Lair:3   | Reached skill level 10 in Fighting
 14069 | Lair:4   | Reached skill level 11 in Fighting
 14188 | Lair:4   | Found a runed translucent door.
 14381 | Lair:4   | Reached skill level 12 in Fighting
 14482 | Lair:4   | Identified the ring of Gack {Fly rC+ Int+2}
 14962 | Lair:5   | Found a radiant altar of Vehumet.
 14983 | Lair:5   | Found a gate leading to a gauntlet.
 14991 | Gauntlet | Entered a Gauntlet
 14991 | Gauntlet | Found a transporter.
 14991 | Gauntlet | Found a transporter.
 14993 | Gauntlet | Found a transporter.
 15010 | Gauntlet | Found a transporter.
 15018 | Gauntlet | Found a transporter.
 15023 | Gauntlet | Found a transporter.
 15031 | Gauntlet | Found a transporter.
 15052 | Gauntlet | Found a transporter.
 15056 | Gauntlet | Noticed a minotaur
 15070 | Gauntlet | Found a transporter.
 15074 | Gauntlet | Found a transporter.
 15082 | Gauntlet | Found a transporter.
 15086 | Gauntlet | Found a transporter.
 15142 | Gauntlet | Reached skill level 5 in Armour
 15225 | Gauntlet | Identified the ring "Zuer" {Ice Int+6}
 15252 | Gauntlet | Killed a minotaur
 15283 | Gauntlet | Identified the +3 quarterstaff of Puckish Duty {freeze,
                  | Will+ Str+4 Int+2}
 15310 | Lair:5   | Acquired the +7 tower shield of Limitation {rElec}
 15312 | Lair:5   | Acquired the +0 hat of True Grit {rPois rCorr}
 15577 | Lair:5   | Reached XP level 14. HP: 143/149 MP: 13/13
 15673 | Lair:5   | Reached skill level 1 in Shields
 15687 | Lair:5   | Received a gift from Trog
 16100 | Lair:6   | Entered Level 6 of the Lair of Beasts
 16416 | Lair:6   | Found a staircase to the Slime Pits.
 16510 | Lair:6   | Reached skill level 5 in Shields
 16886 | Lair:6   | Received a gift from Trog
 17655 | Orc:1    | Entered Level 1 of the Orcish Mines
 17817 | Orc:1    | Found Miacreth's Mayhem Merchandise.
 17911 | Orc:2    | Entered Level 2 of the Orcish Mines
 17969 | Orc:2    | Found Irchinig's Antique Armour Shoppe.
 17983 | Orc:2    | Found Kut Olor's Antique Weapon Emporium.
 18205 | Orc:2    | Noticed an orc warlord
 18243 | Orc:1    | Received a gift from Trog
 18285 | Orc:1    | Reached XP level 15. HP: 139/156 MP: 14/14
 18308 | Orc:1    | Killed an orc warlord
 18410 | Orc:2    | Reached skill level 10 in Shields
 18429 | Orc:2    | Found Erghuich's Jewellery Emporium.
 18439 | Orc:2    | Bought a ring of protection from cold for 350 gold pieces
 18439 | Orc:2    | Bought the ring "Fawuso" {rElec Int+3 SInv} for 494 gold
                  | pieces
 18442 | Orc:2    | Found a staircase to the Elven Halls.
 18623 | Orc:2    | Found Pimaptul's General Store.
 18631 | Orc:2    | Bought a scroll of acquirement for 728 gold pieces
 18631 | Orc:2    | Acquired 854 gold pieces
 19313 | D:12     | Noticed Sonja
 19319 | D:12     | Killed Sonja
 19988 | D:13     | Found a frozen archway.
 20027 | IceCv    | Entered an ice cave
 20097 | IceCv    | Received a gift from Trog
 20767 | D:13     | Found a shadowy altar of Dithmenos.
 21292 | D:14     | Found the +3 giant club "Skullcrusher" {speed, Str+7}
 21408 | D:14     | Found a gate to the Vaults.
 22066 | D:15     | Entered Level 15 of the Dungeon
 22068 | D:15     | Noticed Agnes
 22076 | D:15     | Noticed Josephine
 22079 | D:15     | Killed Agnes
 22153 | D:15     | Killed Josephine
 22343 | D:15     | Noticed Kirke
 22354 | D:15     | Killed Kirke
 22355 | D:15     | Reached XP level 16. HP: 157/165 MP: 15/15
 22550 | D:15     | Found a sacrificial altar of Ru.
 22769 | D:15     | Found a staircase to the Depths.
 22992 | Swamp:1  | Entered Level 1 of the Swamp
 23842 | Swamp:2  | Received a gift from Trog
 24017 | Swamp:2  | Reached skill level 15 in Shields
 24869 | Orc:2    | Bought a ring of protection from fire for 350 gold pieces
 24869 | Orc:2    | Bought a +4 ring of protection for 504 gold pieces
 25134 | Swamp:3  | Noticed a thorn hunter
 25246 | Swamp:2  | Reached skill level 5 in Dodging
 25359 | Swamp:3  | Killed a thorn hunter
 25550 | Swamp:3  | Acquired the +9 scales of the Dragon King {rPois rF+ rC+
                  | Will+}
 25550 | Swamp:3  | Found the +9 scales of the Dragon King {rPois rF+ rC+
                  | Will+}
 25563 | Swamp:3  | Acquired the amulet of Equivalence {Reflect Rampage rF+
                  | SH+5}
 25650 | Swamp:4  | Entered Level 4 of the Swamp
 25809 | Swamp:4  | Noticed a thorn hunter
 25821 | Swamp:4  | Killed a thorn hunter
 25864 | Swamp:4  | Noticed a thorn hunter
 25878 | Swamp:4  | Killed a thorn hunter
 26132 | Swamp:4  | Reached XP level 17. HP: 171/172 MP: 16/16
 26206 | Swamp:4  | Received a gift from Trog
 26635 | Swamp:4  | Reached skill level 10 in Armour
 26706 | Swamp:4  | Found a basalt altar of Yredelemnul.
 26825 | Swamp:4  | Found a blossoming altar of Fedhas.
 26864 | Swamp:4  | Got a decaying rune of Zot
 27271 | Elf:1    | Entered Level 1 of the Elven Halls
 27511 | Elf:1    | Found Uhurch's General Store.
 27519 | Elf:1    | Bought a lightning rod (4/4) for 420 gold pieces
 27519 | Elf:1    | Bought a scroll of silence for 105 gold pieces
 27519 | Elf:1    | Bought a scroll of fear for 49 gold pieces
 27525 | Elf:1    | Gained mutation: Your spells are a little easier to cast,
                  | but a little less powerful. [mutagenic glow]
 27710 | Elf:1    | Received a gift from Trog
 28405 | Elf:2    | Reached skill level 5 in Evocations
 28450 | Elf:2    | Found Xycum's Book Shop.
 28515 | Elf:2    | Paralysed by an air elemental for 1 turns
 28618 | Elf:2    | Paralysed by an air elemental for 1 turns
 28667 | Elf:2    | Paralysed by an air elemental for 1 turns
 28689 | Elf:2    | Found Kiruh's Jewellery Boutique.
 28941 | Elf:2    | Found a runed translucent gate.
 28941 | Elf:2    | Found a runed translucent gate.
 28941 | Elf:2    | Found a runed translucent gate.
 29173 | Elf:3    | Entered Level 3 of the Elven Halls
 29293 | Elf:3    | Found Xeliph's Antique Armour Shop.
 29409 | Elf:3    | Noticed a deep elf blademaster
 29430 | Elf:3    | Killed a deep elf blademaster
 29531 | Elf:3    | Noticed a deep elf blademaster
 29552 | Elf:3    | Reached XP level 18. HP: 169/182 MP: 17/17
 29583 | Elf:3    | Found a runed translucent gate.
 29583 | Elf:3    | Found a runed translucent gate.
 29583 | Elf:3    | Found a runed translucent gate.
 29891 | Elf:3    | Noticed Yorgos's ghost (adept GrBe)
 29915 | Elf:3    | Found an iron altar of Okawaru.
 30087 | Elf:3    | Cast into level 2 of the Abyss (a deep elf sorcerer)
 30304 | Elf:3    | Escaped the Abyss
 30307 | Elf:3    | Identified the +9 hand axe of Kebab's Peril {vamp, rElec
                  | rF+}
 30396 | Elf:3    | Identified the amulet "Wicammeg" {Reflect Int+2 Dex+2 SH+5}
 30405 | Elf:3    | Found the ring of the Octopus King {Fly AC+1 EV+1 Str+1
                  | Int+1 Dex+1}
 30407 | Elf:3    | Noticed a Hell Sentinel
 30411 | Elf:3    | Noticed an Ice Fiend
 30417 | Elf:3    | Identified the amulet "Teumyako" {Faith Fly}
 30421 | Elf:3    | Noticed a Hell Sentinel
 30539 | Elf:3    | Noticed an Ice Fiend
 30703 | Elf:3    | Noticed a Hell Sentinel
 30714 | Elf:3    | Received a gift from Trog
 30899 | Elf:3    | Identified the +1 robe of Depression {rElec rCorr}
 31284 | Elf:2    | Killed Yorgos's ghost
 31640 | Vaults:1 | Entered Level 1 of the Vaults
 31883 | Vaults:1 | Received a gift from Trog
 32046 | Vaults:1 | Found Enuh's Distillery.
 32054 | Vaults:1 | Bought a potion of resistance for 170 gold pieces
 32054 | Vaults:1 | Bought a potion of might for 68 gold pieces
 32054 | Vaults:1 | Bought a potion of cancellation for 136 gold pieces
 32305 | Vaults:1 | Reached XP level 19. HP: 169/189 MP: 18/18
 32477 | Vaults:1 | Received a gift from Trog
 33777 | Vaults:2 | Reached skill level 13 in Fighting
 33794 | Vaults:2 | Received a gift from Trog
 33986 | Vaults:2 | Noticed Margery
 34014 | Vaults:2 | Killed Margery
 34202 | Vaults:2 | Noticed Saint Roka
 34213 | Vaults:2 | Reached ****** piety under Trog
 34227 | Vaults:2 | Killed Saint Roka
 34349 | Vaults:2 | Reached skill level 14 in Fighting
 34594 | Vaults:2 | Received a gift from Trog
 34661 | Vaults:2 | Noticed Mennas
 34665 | Vaults:2 | Found Pemaxewymu's General Store.
 34672 | Vaults:2 | Killed Mennas
 34848 | Vaults:2 | Reached XP level 20. HP: 208/208 MP: 19/19
 34883 | Vaults:2 | Found a staircase to the Crypt.
 34883 | Vaults:2 | Found an ancient bone altar of Kikubaaqudgha.
 34884 | Vaults:2 | Found a basalt altar of Yredelemnul.
 35087 | Vaults:2 | You are sucked into a shaft and drop 2 floors!
 35271 | Vaults:4 | Reached skill level 15 in Fighting
 35426 | Vaults:3 | Found Neosky's Antique Armour Shoppe.
 35434 | Vaults:3 | Bought a runed hat for 259 gold pieces
 36340 | Vaults:3 | Received a gift from Trog
 37049 | Vaults:3 | Reached skill level 16 in Fighting
 37242 | Vaults:4 | Found a runed translucent gate.
 37242 | Vaults:4 | Found a runed translucent gate.
 37242 | Vaults:4 | Found a runed translucent gate.
 37592 | Vaults:4 | Received a gift from Trog
 37796 | Vaults:4 | Found Lomamus's Distillery.
 37805 | Vaults:4 | Bought a potion of heal wounds for 50 gold pieces
 37805 | Vaults:4 | Bought a potion of heal wounds for 50 gold pieces
 37805 | Vaults:4 | Bought a potion of might for 40 gold pieces
 37805 | Vaults:4 | Bought a potion of resistance for 100 gold pieces
 37805 | Vaults:4 | Bought a potion of invisibility for 80 gold pieces
 38315 | Vaults:4 | Noticed Torious's ghost (adept DECj)
 38377 | Vaults:4 | Killed Torious's ghost
 38645 | Vaults:5 | Entered Level 5 of the Vaults
 38660 | Vaults:5 | Received a gift from Trog
 38661 | Vaults:5 | Reached XP level 21. HP: 136/224 MP: 20/20
 39381 | Vaults:5 | Identified the +10 broad axe "Nimuy" {pain, rF- rN++ Str+5
                  | Stlth+}
 39381 | Vaults:5 | Identified the +6 hunting sling of the Unliving {speed, rC+
                  | Str+4 Stlth+}
 39601 | Vaults:5 | Noticed a golden dragon
 39616 | Vaults:5 | Killed a golden dragon
 39622 | Vaults:5 | Noticed a golden dragon
 39628 | Vaults:5 | Killed a golden dragon
 39774 | Vaults:5 | Received a gift from Trog
 39830 | Vaults:5 | Noticed a golden dragon
 39845 | Vaults:5 | Killed a golden dragon
 39851 | Vaults:5 | Noticed a golden dragon
 39862 | Vaults:5 | Killed a golden dragon
 40081 | Vaults:5 | Found the +15 Maxwell's patent armour {-Cast -Tele rElec
                  | Will+ rCorr}
 40142 | Vaults:5 | Noticed a dread lich
 40263 | Vaults:5 | Killed a dread lich
 40264 | Vaults:5 | Reached skill level 17 in Fighting
 40497 | Vaults:5 | HP: 1/189 [titan (29)]
 40513 | Vaults:5 | Reached skill level 18 in Fighting
 40753 | Vaults:5 | Noticed a golden dragon
 40764 | Vaults:5 | Killed a golden dragon
 40771 | Vaults:5 | Reached XP level 22. HP: 216/231 MP: 21/21
 40849 | Vaults:5 | Reached skill level 19 in Fighting
 40916 | Vaults:5 | Identified the +8 quarterstaff "Zuabur" {vorpal, +Blink
                  | rF++ rCorr} (Trog gifted it to you on level 5 of the
                  | Vaults)
 40916 | Vaults:5 | Received a gift from Trog
 41380 | Vaults:5 | Got a silver rune of Zot
 41392 | Vaults:5 | Identified the +9 rapier of Prudence {vorpal, Fly Int-2
                  | Dex+2 SInv}
 41392 | Vaults:5 | Identified the +9 hand crossbow of Oqenayza {penet, rPois
                  | Str+3 Dex+4 Stlth+}
 42370 | Slime:1  | Entered Level 1 of the Pits of Slime
 42631 | Slime:3  | Paralysed by a floating eye for 2 turns
 42663 | Slime:3  | Paralysed by a floating eye for 4 turns
 42678 | Slime:2  | Paralysed by a floating eye for 2 turns
 42682 | Slime:2  | Reached skill level 20 in Fighting
 42687 | Slime:2  | Paralysed by a floating eye for 3 turns
 42947 | Slime:5  | Entered Level 5 of the Pits of Slime
 42988 | Slime:5  | Reached skill level 15 in Throwing
 43073 | Slime:5  | Received a gift from Trog
 43455 | Slime:5  | Found a viscous altar of Jiyva.
 43459 | Slime:5  | Found the ring of the Hare {EV+8}
 43480 | Slime:5  | Noticed the Royal Jelly
 43488 | Slime:5  | Killed the Royal Jelly
 43556 | Slime:5  | Identified the +7 plate armour of Ennui {Dex+3}
 43588 | Slime:5  | Got a slimy rune of Zot
 43962 | Spider:1 | Entered Level 1 of the Spider Nest
 44562 | Spider:1 | Identified the +5 broad axe of the Inquisitive Allies
                  | {vorpal, rPois} (Trog gifted it to you on level 1 of the
                  | Spider Nest)
 44562 | Spider:1 | Received a gift from Trog
 45683 | Spider:3 | Received a gift from Trog
 45864 | Spider:3 | Reached XP level 23. HP: 245/254 MP: 22/22
 45880 | Spider:3 | Noticed Arachne
 45904 | Spider:3 | Killed Arachne
 46153 | Spider:3 | Reached skill level 10 in Dodging
 46172 | Spider:3 | Noticed Mara
 46179 | Spider:3 | Noticed Kebab's illusion
 46212 | Spider:3 | Noticed Kebab's illusion
 46218 | Spider:3 | Killed Mara
 47058 | Elf:2    | Bought the ring of Dyduir {Str+3 Dex+6 SInv} for 1596 gold
                  | pieces
 47348 | Spider:4 | Entered Level 4 of the Spider Nest
 47607 | Spider:3 | Received a gift from Trog
 48541 | Spider:4 | Received a gift from Trog
 48600 | Spider:4 | Got a gossamer rune of Zot
 48935 | Depths:1 | Entered Level 1 of the Depths
 48959 | Depths:1 | 33
 50035 | Depths:1 | Found a gateway to Hell.
 50078 | Depths:2 | Paralysed by a floating eye for 3 turns
 50303 | Depths:2 | Found a one-way gate leading to the halls of Pandemonium.
 50327 | Depths:2 | Found a one-way gateway to a ziggurat.
 50446 | Zig:1    | Entered Level 1 of a ziggurat
 50467 | Zig:2    | Entered Level 2 of a ziggurat
 50467 | Zig:2    | Found the +10 tower shield of Ignorance {rN+ Int-4}
 50472 | Zig:2    | Received a gift from Trog
 50504 | Zig:3    | Entered Level 3 of a ziggurat
 50504 | Zig:3    | Found the +12 glaive of Prune {vorpal}
 50545 | Zig:4    | Entered Level 4 of a ziggurat
 50549 | Zig:4    | Noticed a dread lich
 50562 | Zig:4    | Reached XP level 24. HP: 265/265 MP: 22/22
 50570 | Zig:4    | Killed a dread lich
 50604 | Zig:4    | Identified the +1 morningstar of the Key {elec, rPois}
 50642 | Zig:5    | Entered Level 5 of a ziggurat
 50719 | Zig:5    | Identified the +9 hand axe of Conformity {drain, rF+ Int+2
                  | Dex+4}
 50722 | Zig:6    | Entered Level 6 of a ziggurat
 50791 | Zig:7    | Entered Level 7 of a ziggurat
 50840 | Zig:7    | Reached skill level 15 in Armour
 50890 | Zig:7    | Lost intelligence.
 50975 | Zig:7    | Identified the +5 short sword of Gunoan {protect, rF++ rN+
                  | rCorr Dex-5}
 50990 | Zig:8    | Entered Level 8 of a ziggurat
 51225 | Zig:8    | Identified the +1 leather armour of Goecinke {rCorr Dex+3
                  | Stlth-}
 51269 | Depths:2 | Found a hazy altar of Hepliaklqana.
 51536 | Depths:2 | Identified the +5 rapier "Vaibom" {elec, Dex+3 Stlth+}
 51553 | Depths:2 | Found a white marble altar of Elyvilon.
 51686 | Depths:2 | Received a gift from Trog
 51728 | Depths:2 | Noticed a juggernaut
 51740 | Depths:2 | Killed a juggernaut
 52345 | Depths:3 | Received a gift from Trog
 52677 | Depths:3 | Found Ronuagej's Jewellery Shoppe.
 52677 | Depths:3 | Found Wyazaob's Antique Weapon Shop.
 52677 | Depths:3 | Noticed a dread lich
 52685 | Depths:3 | Paralysed by a floating eye for 4 turns
 52690 | Depths:3 | Killed a dread lich
 52780 | Depths:3 | Found Piux's Armour Boutique.
 52780 | Depths:3 | Found Sari's Armour Shoppe.
 52946 | Depths:3 | Reached skill level 21 in Fighting
 53166 | Depths:3 | Found a one-way gate to the infinite horrors of the Abyss.
 53305 | Depths:3 | Reached XP level 25. HP: 259/261 MP: 22/22
 54088 | Depths:4 | Entered Level 4 of the Depths
 54307 | Depths:4 | Found a gate to the Realm of Zot.
 54698 | Depths:4 | Reached skill level 22 in Fighting
 54776 | Depths:4 | Found Tot Isaa's Antique Weapon Boutique.
 55019 | Depths:4 | Found Anwiy's Jewellery Shoppe.
 55029 | Depths:4 | Received a gift from Trog
 55482 | Depths:3 | Voluntarily entered the Abyss.
 55482 | Abyss:1  | Found a corrupted altar of Lugonu.
 55682 | Abyss:1  | Lost intelligence.
 56595 | Abyss:3  | Found a candlelit altar of Ignis.
 56705 | Abyss:3  | Received a gift from Trog
 57005 | Abyss:5  | Entered Level 5 of the Abyss
 57054 | Abyss:5  | Reached skill level 23 in Fighting
 57100 | Abyss:5  | Paralysed by accursed screaming for 1 turns
 57109 | Abyss:5  | Received a gift from Trog
 57229 | Abyss:5  | Got an abyssal rune of Zot
 57279 | Depths:3 | Escaped the Abyss
 57472 | Zot:1    | Entered Level 1 of the Realm of Zot
 57937 | Zot:3    | Noticed an orb of fire
 58003 | Zot:3    | Found a runed translucent gate.
 58003 | Zot:3    | Found a runed translucent gate.
 58003 | Zot:3    | Found a runed translucent gate.
 58003 | Zot:3    | Noticed Awamet's ghost (legendary DrCj)
 58020 | Zot:3    | Killed Awamet's ghost
 58104 | Zot:3    | Reached XP level 26. HP: 298/299 MP: 22/22
 58187 | Zot:4    | Reached skill level 24 in Fighting
 58340 | Zot:3    | Received a gift from Trog
 58383 | Zot:3    | Gained mutation: You are occasionally teleported next to
                  | monsters. [an orb of fire]
 58387 | Zot:3    | Killed an orb of fire
 58395 | Zot:3    | Lost mutation: Your spells are a little easier to cast, but
                  | a little less powerful. [potion of mutation]
 58395 | Zot:3    | Lost mutation: You are occasionally teleported next to
                  | monsters. [potion of mutation]
 58395 | Zot:3    | Gained mutation: Your spells are a little easier to cast,
                  | but a little less powerful. [potion of mutation]
 58395 | Zot:3    | Gained mutation: You possess an exceptional clarity of
                  | mind. [potion of mutation]
 58491 | Zot:5    | Entered Level 5 of the Realm of Zot
 59020 | Zot:5    | Found a transporter.
 59026 | Zot:5    | Found a transporter.
 59047 | Zot:5    | Found a transporter.
 59054 | Zot:5    | Found a transporter.
 59138 | Zot:5    | Found a transporter.
 59143 | Zot:5    | Found a transporter.
 59245 | Zot:5    | Reached skill level 25 in Fighting
 59272 | Zot:5    | Noticed an ancient lich
 59287 | Zot:5    | Killed an ancient lich
 59405 | Zot:5    | Noticed an orb of fire
 59408 | Zot:5    | Gained mutation: You sometimes lose the ability to read
                  | scrolls when taking damage. [an orb of fire]
 59417 | Zot:5    | Gained mutation: You are clumsy. (Dex -2) [an orb of fire]
 59422 | Zot:5    | Killed an orb of fire
 59426 | Zot:5    | Lost mutation: You sometimes lose the ability to read
                  | scrolls when taking damage. [potion of mutation]
 59426 | Zot:5    | Lost mutation: Your spells are a little easier to cast, but
                  | a little less powerful. [potion of mutation]
 59426 | Zot:5    | Lost mutation: You are clumsy. (Dex -2) [potion of
                  | mutation]
 59426 | Zot:5    | Gained mutation: You are dopey. (Int -2) [potion of
                  | mutation]
 59426 | Zot:5    | Gained mutation: You are partially covered in large bone
                  | plates. (SH +4) [potion of mutation]
 59427 | Zot:5    | Lost mutation: You possess an exceptional clarity of mind.
                  | [potion of mutation]
 59427 | Zot:5    | Lost mutation: You are partially covered in large bone
                  | plates. (SH +4) [potion of mutation]
 59427 | Zot:5    | Lost mutation: You are dopey. (Int -2) [potion of mutation]
 59427 | Zot:5    | Gained mutation: Your muscles are strong. (Str +2) [potion
                  | of mutation]
 59428 | Zot:5    | Noticed an orb of fire
 59431 | Zot:5    | Gained mutation: Your body sometimes deteriorates upon
                  | taking damage. [an orb of fire]
 59436 | Zot:5    | Killed an orb of fire
 59452 | Zot:5    | Noticed an orb of fire
 59458 | Zot:5    | Noticed an orb of fire
 59460 | Zot:5    | Gained mutation: Your spells are a little easier to cast,
                  | but a little less powerful. [an orb of fire]
 59468 | Zot:5    | Gained mutation: Your body often deteriorates upon taking
                  | damage. [an orb of fire]
 59473 | Zot:5    | Gained mutation: You are dopey. (Int -2) [an orb of fire]
 59489 | Zot:5    | Gained mutation: Your magical capacity is low. (-10% MP)
                  | [an orb of fire]
 59490 | Zot:5    | Noticed an ancient lich
 59498 | Zot:5    | Killed an ancient lich
 59498 | Zot:5    | Lost intelligence.
 59614 | Zot:5    | Killed an orb of fire
 59655 | Zot:5    | Lost mutation: Your magical capacity is low. (-10% MP)
                  | [potion of mutation]
 59655 | Zot:5    | Lost mutation: Your muscles are strong. (Str +2) [potion of
                  | mutation]
 59655 | Zot:5    | Lost mutation: Your body often deteriorates upon taking
                  | damage. [potion of mutation]
 59655 | Zot:5    | Gained mutation: You are agile. (Dex +2) [potion of
                  | mutation]
 59655 | Zot:5    | Gained mutation: You have a somewhat thin skeletal
                  | structure. (Dex +2, Stealth+) [potion of mutation]
 59655 | Zot:5    | Gained mutation: Your magical capacity is low. (-10% MP)
                  | [potion of mutation]
 59656 | Zot:5    | Lost mutation: You are dopey. (Int -2) [potion of mutation]
 59656 | Zot:5    | Lost mutation: Your body sometimes deteriorates upon taking
                  | damage. [potion of mutation]
 59656 | Zot:5    | Gained mutation: You are covered in thick fur. (AC +2)
                  | [potion of mutation]
 59656 | Zot:5    | Gained mutation: You have sharp toenails. [potion of
                  | mutation]
 59727 | Zot:5    | Received a gift from Trog
 59769 | Zot:5    | Got the Orb of Zot
 59796 | Zot:4    | Gained mutation: Your body sometimes deteriorates upon
                  | taking damage. [an orb of fire]
 59798 | Zot:4    | Gained mutation: Armour fits poorly on your strangely
                  | shaped body. [an orb of fire]
 59803 | Zot:4    | Killed an orb of fire
 59804 | Zot:4    | Reached skill level 26 in Fighting
 60007 | Depths:2 | Noticed Zoyxofre the pandemonium lord
 60346 | D:5      | Noticed Bipt the pandemonium lord
 60363 | D:5      | Killed Bipt the pandemonium lord
 60463 | D:1      | Reached XP level 27. HP: 316/319 MP: 19/19
 60464 | D:$      | Escaped with the Orb!

Illustrated notes

#####
#...###
#.<...###..
#..@.......
###^C..♣...
###.....#
#...## ..##
... ... ...


Turn 48959 on Depths:1: 33

Levels and vault maps discovered:
D:1:      minmay_arrival_up_and_down, layout_basic,
          ebering_ecumenical_altar_ruins, minmay_tree_intersection
D:2:      layout_loops_corners, basic_altar, minmay_misc_feat_nine_boxes,
          chequers_decorated_corner
D:3:      layout_basic, tgw_fedhas, kiku_gazebo_garden_becter,
          portal_sewer_entry_b, uniq_crazy_yiuf_cottage, uniq_terence
D:4:      minmay_thick_lines, layout_cave_pools, minmay_temple_entry_hall,
          hellmonk_ghost_happy_afterlife, moated_statue, st_stairs_12,
          corexii_item_surrounded_by_moat
D:5:      layout_gridville, chequers_temple_overflow_statue_of_worship,
          minmay_misc_feat_plants, kennysheep_pointless_box, uniq_pikel
D:6:      nicolae_cairo_tiling_very_big, layout_cave_pools,
          nzn_wu_jian_council_hall, small_statue_intersection
D:7:      layout_rooms, old_standard_altar, serial_shops, nicolae_shop_trees,
          enter_bailey_6, minmay_misc_feat_rugged
D:8:      layout_basic, special_room [special_room_orc],
          chequers_ossuary_entry_cave, hangedman_abyss_or_decor_clamps,
          minivault_27, minmay_diamond_spiral, uniq_grum
D:9:      layout_basic, gammafunk_temple_overflow_claw,
          gammafunk_ghost_nasty_kobolds, serial_bayou_ford_a, grunt_ministairs_6
D:10:     layout_cave_pods, minmay_orc_entry_guard_dogs
D:11:     layout_grid_maze, erik_lair_orcish_takeover, due_unseen_surprise,
          uniq_urug
D:12:     minmay_general_purpose_star, layout_irregular_city, uniq_sonja
D:13:     layout_basic, portal_ice_cave_entry_imps, grunt_dithmenos_shadows
D:14:     layout_gridville, david_vaults_2, special_room [special_room_bee],
          minmay_guarded_unrand_skullcrusher
D:15:     grunt_enter_depths_snipers, layout_cave_pools, grunt_decor_fettered,
          nicolae_ru_great_annihilating_truth, uniq_agnes, uniq_kirke,
          uniq_josephine
Lair:1:   layout_roguey, beast_lair_carwin_3, lemuel_fruit_tree,
          grunt_megastairs_3
Lair:2:   layout_chaotic_city, nicolae_swamp_entry_splash_gauntlet,
          spider_nest_entry_a
Lair:3:   layout_chaotic_city, enter_volcano_4, serial_bayou_crossing,
          uniq_fannar
Lair:4:   layout_cave_pods, pf_torpor_hydra
Lair:5:   layout_regular_city, gauntlet_entry_generic, basic_altar,
          grunt_megastairs_1
Lair:6:   minmay_lair_end_enchanted_forest, layout_small_grid,
          dpeg_slime_entry_corner, bobbens_dragon_lair_wall
Swamp:1:  layout_basic_swamp, hangedman_swamp_ruin_hall
Swamp:2:  layout_basic_swamp, serial_swamp_ruin, evilmike_swamp_ruin_house_1,
          evilmike_swamp_ruin_house_5, evilmike_swamp_ruin_rubble_1,
          swamp_pool3, infiniplex_staircase_pool
Swamp:3:  layout_falls_marsh, evilmike_swamp_ruin_house_3
Swamp:4:  byrel_swamp_growth_death_and_undeath, layout_basic_swamp
Spider:1: layout_chambers
Spider:2: nicolae_spider_hilbert_zone_5 [nicolae_spider_hilbert_3_sides_1_open,
          nicolae_spider_hilbert_4_sides_1_open,
          nicolae_spider_hilbert_4_sides_1_open,
          nicolae_spider_hilbert_6_sides_1_open,
          nicolae_spider_hilbert_6_sides_1_open]
Spider:3: layout_cave_pods, nicolae_spider_bug_shape, uniq_arachne, uniq_mara
Spider:4: floodkiller_spider_rune_tomb
Slime:1:  layout_caves
Slime:2:  layout_caves
Slime:3:  layout_caves, cheibrodos_slime_lost_civilization_7
Slime:4:  layout_caves
Slime:5
Orc:1:    layout_diamond_mine, basic_altar, hellmonk_bongcloud_opening,
          minmay_shop_mayhem
Orc:2:    grunt_orc_gardens, layout_caves, grunt_orc_garden, grunt_orc_garden,
          grunt_orc_garden, grunt_orc_garden, basic_altar
Elf:1:    elf_arrival_002, layout_loops_corners, serial_shops,
          nicolae_shop_waterfront, minmay_elf_crystal_hexagon
Elf:2:    nicolae_elf_blades_splatter_lattice [nicolae_blade_little_rooms],
          layout_geoelf_grid, serial_shops, shop_statue,
          minmay_shop_enchanted_jewellery
Elf:3:    minmay_elf_hall_hex, layout_onion_city, serial_shops,
          nicolae_shop_behind_doors, gammafunk_ghost_fury_of_okawaru,
          abandoned_shop, minmay_misc_feat_columns, minmay_misc_feat_alley
Vaults:1: vaults_room_fours, vaults_mumra_chevron, vaults_room_corners,
          nicolae_vaults_disjoint_gnomons, v_misc_23,
          nicolae_vaults_ring_of_whatevers, dpeg_vaults_monster_box,
          hangedman_vaults_trim, vaults_dpeg_hooks, special_room_vaults
          [special_room_orc], v_misc_15, vaults_room_grunt_arrival_ludios,
          nicolae_vaults_little_squares_5, nicolae_vaults_little_ls,
          ontoclasm_vaults_decontamination, layout_vaults_omnicross,
          serial_shops, shop_statue
Vaults:2: vaults_mumra_hex, hangedman_vaults_pinch, vaults_dpeg_doors,
          nicolae_vaults_network_star, v_alt_pattern_4, v_misc_4,
          minmay_crypt_entry_necro_gods, v_misc_5,
          nicolae_vaults_border_crossing, serial_ice_b,
          ontoclasm_vaults_misaligned, grunt_vaults_hallway_long,
          layout_vaults_omnibox, serial_shops, nicolae_shop_advertising_works
          [nicolae_subvault_shop_adworks], uniq_mennas, uniq_saint_roka,
          uniq_margery
Vaults:3: nicolae_vaults_disjoint_gnomons, ontoclasm_vaults_misaligned,
          grunt_vaults_funnel, ontoclasm_vaults_eye, vaults_room_pool,
          nicolae_vaults_windows_and_doors_thing, hangedman_vaults_stitches,
          v_misc_8, vaults_dpeg_ring, layout_vaults_chaotic_city, serial_shops,
          shop
Vaults:4: gammafunk_ghost_spectres, vaults_dpeg_diagonal,
          ontoclasm_vaults_gateway, hangedman_vaults_river_flow, v_rooms_6,
          hangedman_vaults_nodes, nicolae_vaults_specimen_jars,
          nicolae_vaults_display_case, vaults_room_ringed_pool,
          nicolae_vaults_yaktaur_gun_rack, layout_vaults_quadrants,
          serial_shops, shop
Vaults:5
Depths:1: layout_cave_shapes, hellmouth_1, grunt_ministairs_12,
          hangedman_stitches_earthworm
Depths:2: cheibrodos_hall_of_evolution, layout_cave_pools, enter_ziggurat_b,
          pan_entry, marbit_kobold_abyss_entry, hell_entry,
          nzn_hepliaklqana_mist_gate, elyvilon_altar_4, minmay_staircase_bubble
Depths:3: hangedman_box_tower, layout_basic, hell_entry, abyss_entry,
          minmay_misc_feat_ornament
Depths:4: evilmike_zot_entry_basic, layout_honeycomb, serial_shops, shop,
          pf_hell_entry_tar_spiral, pan_entry, serial_bayou_shore_a,
          minmay_shop_star
Zot:1:    layout_cellular_growth
Zot:2:    infiniplex_zot_generator, layout_misc_corridors
Zot:3:    layout_twisted_circle, ebering_ghost_rock_garden,
          amethyst_zot_foddershock
Zot:4:    layout_onion
Zot:5:    layout_misc_corridors, serial_nicolae_subway,
          nicolae_sub_station_crystal, nicolae_sub_station_metal,
          nicolae_sub_station_stone

Skill      XL: |  1  2  3  4  5  6  7  8  9 10 11 12 13 14 15 16 17 18 19 20 21 22 23 24 25 26 |
---------------+-------------------------------------------------------------------------------+-----
Unarmed Combat | 4 5 6 7 9 11 13 14 17 18 21 22 24 | 24.0
Throwing       | 1 3 4 8 11 14 16 | 16.0
Fighting       | 5 7 12 14 16 18 20 21 23 26 | 26.4
Armour         | 3 6 7 8 10 14 15 | 15.1
Evocations     | 1 3 7 8 |  8.0
Shields        | 9 13 15 | 15.7
Dodging        | 7 9 11 | 11.1

Action                   |  1- 3 |  4- 6 |  7- 9 | 10-12 | 13-15 | 16-18 | 19-21 | 22-24 | 25-27 || total
-------------------------+-------+-------+-------+-------+-------+-------+-------+-------+-------++-------
Melee: Unarmed           |   101 |   134 |   254 |   565 |  1246 |  1476 |  1552 |  2384 |  1381 ||  9093
       Punch             |     1 |     3 |    12 |    51 |    44 |       |       |       |       ||   111
       Kick              |       |       |       |       |       |       |       |       |    70 ||    70
Throw: Stone             |       |       |     5 |     4 |       |     9 |     1 |     1 |       ||    20
       Dart              |       |       |    12 |    13 |    17 |     9 |       |       |       ||    51
       Boomerang         |       |       |       |       |     5 |    18 |       |    25 |       ||    48
       Javelin           |       |       |       |       |       |     9 |     3 |    26 |    21 ||    59
       Large rock        |       |       |       |       |       |       |       |    11 |    31 ||    42
Invok: Berserk           |       |     2 |       |     1 |     2 |     2 |       |       |       ||     7
       Trog's Hand       |       |     1 |     2 |     2 |     2 |     3 |     4 |     4 |     3 ||    21
       Brothers in Arms  |       |       |       |     1 |    12 |    14 |     4 |     5 |     7 ||    43
Evoke: Wand              |       |       |       |     5 |       |       |     1 |       |       ||     6
       Condenser vane    |       |       |       |       |       |     3 |     2 |     2 |     2 ||     9
       Phantom mirror    |       |       |       |       |       |     1 |     1 |       |       ||     2
       Box of beasts     |       |       |       |       |       |     1 |       |       |     1 ||     2
  Use: Scroll            |     3 |       |    15 |    14 |    16 |     7 |     4 |     4 |     8 ||    71
       Potion            |       |       |     2 |       |     4 |       |     7 |     5 |    12 ||    30
 Stab: Invisible         |       |       |     3 |    10 |    24 |     8 |     6 |    31 |     7 ||    89
       Distracted        |       |       |       |       |     1 |       |     2 |       |     3 ||     6
       Fleeing           |       |       |       |       |     1 |       |       |       |       ||     1
       Paralysed         |       |       |       |       |       |     1 |       |       |       ||     1
Armor: Animal skin       |    16 |       |       |       |       |       |       |       |       ||    16
       Quicksilver drago |    26 |    74 |    80 |   196 |   279 |    62 |       |       |       ||   717
       Gold dragon scale |       |       |       |       |       |   428 |   300 |   469 |   246 ||  1443
Dodge: Dodged            |    60 |    54 |   111 |   281 |   418 |   236 |   145 |   767 |   412 ||  2484
Block: Tower shield      |       |       |       |       |   749 |  1340 |  1323 |  2630 |  1223 ||  7265
       Reflection        |       |       |       |       |       |    40 |    77 |    49 |    18 ||   184

Table legend: (Time is in decaauts)
 A = Elapsed time spent in this place.
 B = Non-inter-level travel time spent in this place.
 C = Inter-level travel time spent in this place.
 D = Time resting spent in this place.
 E = Time spent auto-exploring this place.
 F = Levels seen in this place.
 G = Mean time per level.
                   A        B        C        D        E       F      G
               +--------+--------+--------+--------+--------+-----+--------+
         Total |  57400 |  50704 |   6696 |   6885 |  28283 |  73 |  786.3 |
       Dungeon |  15759 |  13289 |   2470 |    994 |   9491 |  15 | 1050.6 |
          Lair |   6387 |   5160 |   1227 |    272 |   3796 |   6 | 1064.5 |
         Swamp |   3486 |   3227 |    259 |    614 |   1483 |   4 |  871.5 |
   Spider Nest |   4007 |   3620 |    387 |    351 |   2232 |   4 | 1001.8 |
    Slime Pits |   1237 |   1185 |     52 |    281 |    198 |   5 |  247.4 |
  Orcish Mines |   1691 |   1201 |    490 |     86 |    746 |   2 |  845.5 |
   Elven Halls |   4271 |   3656 |    615 |    671 |   2120 |   3 | 1423.7 |
        Vaults |   8821 |   8277 |    544 |   1236 |   4482 |   5 | 1764.2 |
        Depths |   5389 |   4943 |    446 |    687 |   2939 |   4 | 1347.2 |
           Zot |   2233 |   2031 |    202 |    838 |    178 |   5 |  446.6 |
         Abyss |   1853 |   1853 |      0 |    401 |      6 |   6 |  308.8 |
      Ziggurat |    702 |    702 |      0 |    218 |     16 |   8 |   87.8 |
         Sewer |    312 |    312 |      0 |     34 |    149 |   1 |  312.0 |
       Ossuary |    125 |    125 |      0 |      0 |     69 |   1 |  125.0 |
        Bailey |    220 |    220 |      0 |      3 |     99 |   1 |  220.0 |
      Ice Cave |    206 |    206 |      0 |     46 |     26 |   1 |  206.0 |
       Volcano |    416 |    416 |      0 |    135 |     98 |   1 |  416.0 |
      Gauntlet |    277 |    277 |      0 |     12 |    152 |   1 |  277.0 |
               +--------+--------+--------+--------+--------+-----+--------+

Top non-repeatable levels by time:
Depths:3: 2207 daAuts
Vaults:4: 2149 daAuts
Vaults:5: 2144 daAuts
   Elf:3: 1983 daAuts
    D:11: 1926 daAuts
Vaults:1: 1899 daAuts
    D:10: 1629 daAuts
  Lair:6: 1462 daAuts
Vaults:2: 1449 daAuts
  Lair:2: 1401 daAuts
     D:3: 1364 daAuts
   Elf:1: 1346 daAuts
Depths:4: 1261 daAuts
Spider:3: 1209 daAuts
Vaults:3: 1179 daAuts
